 Dungeon Crawl Stone Soup version 0.23.2-40-g277498a001 (webtiles) character file.

Game seed: 9486579327035258384

49 Hylith the Insei (level 3, 0/24 HPs)
             Began as an Octopode Transmuter on Sept 23, 2019.
             Succumbed to an adder's poison
             ... on level 2 of the Dungeon.
             The game lasted 00:01:55 (1124 turns).

Hylith the Insei (Octopode Transmuter)              Turns: 1124, Time: 00:01:56

Health: 0/24       AC:  1    Str:  9 (10) XL:     3   Next: 77%
Magic:  6/6        EV: 13    Int: 13 (15) God:
Gold:   82         SH:  0    Dex:  9 (12) Spells: 3/6 levels left

rFire    . . .     SeeInvis .     - Unarmed
rCold    . . .     Gourm    .   (no shield)
rNeg     . . .     Faith    .   (helmet restricted)
rPois    .         Spirit   .   (no amulet)
rElec    .         Reflect  .   (no ring)
rCorr    .         Harm     .   (no ring)
MR       .....                  (no ring)
Stlth    ++........             (no ring)
HPRegen  0.08/turn              (no ring)
MPRegen  0.10/turn              (no ring)
                                (no ring)
                                (no ring)

@: lethally poisoned (0 -> -10), slowed, very slow
A: almost no armour, stealthy swim, amphibious, 8 rings, constrict 8, camouflage
1, gelatinous body 1
a: no special abilities


You were on level 2 of the Dungeon.
You were not hungry.

You visited 1 branch of the dungeon, and saw 2 of its levels.

You collected 82 gold pieces.

Inventory:

Missiles
 a - 39 arrows
Jewellery
 e - an uncursed ring of ice
Scrolls
 b - 3 scrolls of magic mapping {unknown}
 f - 4 scrolls of remove curse {unknown}
 g - a scroll of fear {unknown}
 i - a scroll of noise {unknown}
 j - a scroll of random uselessness {unknown}
 k - a scroll of teleportation {unknown}
 l - a scroll of enchant weapon {unknown}
Comestibles
 c - 5 rations
 d - 10 chunks of flesh


   Skills:
 + Level 2.1 Fighting
 - Level 2.0 Dodging
 + Level 4.1 Unarmed Combat
 - Level 2.0 Spellcasting
 - Level 2.0 Transmutations


You had 3 spell levels left.
You knew the following spells:

 Your Spells              Type           Power        Failure   Level  Hunger
a - Beastly Appendage     Tmut           #.....       11%         1    ##.....
b - Sticks to Snakes      Tmut           #.......     17%         2    ###....

Your spell library contained the following spells:

 Spells                   Type           Power        Failure   Level  Hunger
 Spider Form              Tmut/Pois      #.........   45%         3    ####...
 Ice Form                 Ice/Tmut       #.......     86%         4    #####..
 Blade Hands              Tmut           #.........   97%         5    ######.


Dungeon Overview and Level Annotations

Branches:
Dungeon (2/15)

Altars:
Nemelex Xobeh

Annotations:
D:2 Jessica


Innate Abilities, Weirdness & Mutations

You cannot wear most types of armour.
You are very stealthy in the water. (Stealth+)
You are amphibious.
You can wear up to eight rings at the same time.
You can use your tentacles to constrict eight enemies at once.
Your skin changes colour to match your surroundings (Stealth+).
Your rubbery body absorbs attacks. (AC +1, EV +1)


Message History

* * * LOW HITPOINT WARNING * * *
* * * LOW HITPOINT WARNING * * *
You feel sick. The adder misses you.
The leopard gecko completely misses you.
The adder misses you.
* * * LOW HITPOINT WARNING * * *
You feel sick. The leopard gecko barely misses you.
The gnoll barely misses you.
There is an open door here.
* * * LOW HITPOINT WARNING * * *
You feel sick.
The frilled lizard unfolds its giant frill.
The adder bites you.
* * * LOW HITPOINT WARNING * * *
You are more poisoned.
The adder poisons you!
It was a potion of degeneration.
There was something very wrong with that liquid.
You feel weakened.
You feel dopey.
You feel clumsy.
You die...

#........#
#.....
#....g...#
#####.
#........#
########'
#..@..g..#
.........
#........#
.........
#..gl....#
.........
#.glr...(#
.........
###S######
.........
#############@#
.........
#.............#
.........
#.#############
......... #.#
###### ########.
#.# #....# #....
#.# #....#
##.... #.#
#....# #.....
#.#
#....######.....
#.#
#....#....#....#


You could see 4 gnolls, an adder, Jessica, a leopard gecko, a frilled lizard and
a rat.

Vanquished Creatures
  An ooze (D:1)
  2 dart slugs (D:2)
  A leopard gecko (D:1)
  A ball python (D:1)
  A bat (D:1)
  3 giant cockroaches (D:1)
  5 goblins
  9 hobgoblins
  4 kobolds
  2 frilled lizards (D:1)
  6 rats
35 creatures vanquished.

Notes
Turn   | Place    | Note
-------+----------+-------------------------------------------
     0 | D:1      | Hylith the Octopode Transmuter began the quest for the Orb.
     0 | D:1      | Reached XP level 1. HP: 13/13 MP: 3/3
    65 | D:1      | Reached XP level 2. HP: 2/18 MP: 5/5
   621 | D:1      | Reached XP level 3. HP: 24/24 MP: 6/6
   860 | D:1      | Reached skill level 4 in Unarmed Combat
  1021 | D:2      | Learned a level 2 spell: Sticks to Snakes
  1058 | D:2      | Found a sparkling altar of Nemelex Xobeh.
  1112 | D:2      | Noticed Jessica
  1123 | D:2      | HP: 1/24 [adder (1)]
  1124 | D:2      | Succumbed to an adder's poison

Skill      XL: |  1  2  3 |
---------------+----------+-----
Unarmed Combat | 4 |  4.1
Fighting       | 2 |  2.1
Dodging        | |  2.0
Spellcasting   | |  2.0
Transmutations | |  2.0

Action                   || total
-------------------------++-------
Melee: Unarmed           ||    82
       Constrict         ||    20
       Tentacles         ||    10
       Punch             ||     3
  Use: Potion            ||     1
 Stab: Sleeping          ||     6
  Eat: Chunk             ||     1
Armor: Skin              ||     4
Dodge: Dodged            ||    51
